Map: New Repugnancy LE

Players

Stats - Winner!

  • Race: Protoss Protoss
  • Spawn Location: 7:00

Neeb

  • Race: Protoss Protoss
  • Spawn Location: 1:00

Event: IEM Season 13: Katowice (2019)

VOD

Have the link to the VOD?

Description

Time

  • Played on: March 2, 2019, 12:41 p.m.
  • Length: 10:56

All games in this series

Show
View Real Time Build Order
Export as new Build Order

Stats Protoss - Winner!

Build Orders: Archon Immortal 

Get SALT Encoding   

  12  0:00  Probe  
  13  0:12  Probe  
  14  0:17  Pylon  
  14  0:24  Probe  
  15  0:32  Probe  
  15  0:36  Gateway  
  15  0:40  Probe  
  16  0:46  Assimilator  
  17  0:50  Probe  
  17  0:54  Assimilator  
  18  0:58  Probe  
  19  1:06  Probe  
  20  1:15  Gateway  
  20  1:17  Probe  
  21  1:26  Cybernetics Core  
  21  1:29  Probe  
  22  1:35  Pylon  
  22  1:41  Probe  
  23  1:53  Warp Gate, Probe  
  24  2:02  Adept x2  
  28  2:14  Pylon  
  28  2:32  Adept x2  
  32  2:40  Probe  
  32  2:52  Probe  
  33  3:00  Nexus  
  33  3:02  Adept  
  33  3:03  Adept  
  37  3:12  Pylon  
  37  3:18  Probe  
  38  3:23  Robotics Facility  
  38  3:40  Probe  
  39  3:45  Stalker x2  
  43  3:50  Pylon  
  43  3:53  Probe  
  44  4:04  Shield Battery  
  44  4:07  Immortal  
  42  4:10  Sentry x2  
  48  4:23  Probe  
  49  4:35  Stalker x2  
  52  4:38  Warp Prism  
  50  4:50  Probe x2  
  52  5:00  Stalker  
  52  5:01  Sentry  
  56  5:08  Probe  
  56  5:09  Probe  
  56  5:12  Phoenix  
  58  5:26  Sentry, Stalker  
  62  5:29  Probe x2  
  62  5:31  Twilight Council  
  62  5:35  Pylon  
  64  5:41  Probe x2  
  66  5:45  Observer  
  67  5:50  Adept  
  67  5:56  Adept  
  71  5:57  Immortal  
  71  6:01  Probe x2  
  73  6:11  Forge  
  77  6:14  Probe  
  78  6:20  Pylon  
  78  6:29  Pylon  
  78  6:30  Assimilator  
  78  6:34  Stargate  
  78  6:35  Assimilator  
  78  6:36  Protoss Ground Weapons Level 1  
  78  6:42  Probe x2  
  80  6:50  Probe x2  
  80  6:53  Pylon  
  80  6:58  Probe  
  80  6:59  Probe  
  82  7:03  Immortal  
  88  7:17  Phoenix  
  86  7:23  Probe x2, Phoenix  
  86  7:25  Phoenix, Charge  
  90  7:39  Phoenix  
  90  7:40  Probe, Phoenix  
  93  7:44  Gateway  
  93  7:47  Gateway  
  93  8:04  Phoenix  
  95  8:09  Protoss Ground Weapons Level 2  
  95  8:10  Gateway  
  95  8:11  Templar Archives  
  95  8:14  Gateway  
  95  8:26  Nexus  
  95  8:27  Pylon  
  95  8:28  Immortal  
  99  8:35  Gateway  
  99  8:48  Pylon  
  99  8:51  Zealot, High Templar x2  
  99  8:53  Zealot  
  107  8:56  Archon  
  107  9:11  Zealot x2  
  107  9:17  High Templar x2  
  113  9:22  Archon  
  115  9:24  Zealot  
  115  9:27  Pylon  
  115  9:28  Pylon  
  117  9:38  Zealot x2  
  117  9:39  Zealot x2  
  117  9:45  Probe x3  
  128  9:50  Zealot, High Templar x2  
  134  9:54  Archon  
  134  10:04  Zealot x3  
  134  10:05  Zealot  
  126  10:21  Zealot  
  126  10:24  Zealot x4  
  126  10:25  Zealot x2  
  106  10:43  Zealot  
  106  10:44  Zealot x3  
  106  10:45  Zealot x3  
Show
View Real Time Build Order
Export as new Build Order

Neeb Protoss 

Build Orders:  

Get SALT Encoding   

  12  0:00  Probe  
  13  0:12  Probe  
  14  0:17  Pylon  
  14  0:24  Probe  
  15  0:32  Probe  
  15  0:37  Gateway  
  15  0:40  Probe  
  16  0:46  Assimilator  
  17  0:51  Probe  
  17  0:54  Assimilator  
  18  0:59  Probe  
  19  1:07  Probe  
  19  1:08  Gateway  
  20  1:17  Probe  
  20  1:25  Cybernetics Core  
  21  1:29  Probe  
  22  1:35  Pylon  
  22  1:41  Probe  
  23  1:54  Probe  
  24  2:01  Warp Gate, Adept x2  
  28  2:06  Probe  
  29  2:12  Pylon  
  29  2:24  Pylon  
  29  2:31  Stalker  
  29  2:34  Sentry  
  33  2:39  Robotics Facility  
  33  2:48  Shield Battery  
  33  2:59  Gateway  
  33  3:05  Stalker  
  35  3:07  Stalker  
  37  3:16  Warp Prism  
  37  3:21  Pylon  
  39  3:49  Stalker x2  
  43  3:56  Stalker  
  43  4:01  Shield Battery  
  43  4:17  Stalker x2  
  47  4:38  Sentry, Pylon  
  45  4:56  Adept x3  
  45  4:58  Probe  
  45  4:59  Nexus  
  52  5:07  Probe  
  53  5:15  Probe  
  54  5:22  Observer  
  54  5:24  Robotics Bay  
  54  5:30  Pylon  
  55  5:37  Pylon  
  55  5:39  Shield Battery  
  55  5:42  Immortal  
  55  5:48  Probe  
  60  6:00  Probe  
  61  6:04  Sentry  
  61  6:05  Sentry  
  65  6:12  Probe x2  
  65  6:13  Disruptor  
  65  6:17  Phoenix  
  67  6:24  Probe x2, Gravitic Drive  
  72  6:35  Pylon  
  72  6:36  Probe x2  
  74  6:45  Observer  
  74  6:48  Disruptor, Probe  
  74  6:49  Gateway  
  74  6:54  Assimilator x2  
  78  6:56  Probe  
  78  7:00  Probe  
  79  7:08  Probe  
  79  7:12  Pylon  
  80  7:24  Colossus  
  80  7:26  Probe x2  
  88  7:37  Twilight Council  
  88  7:38  Forge  
  88  7:40  Probe  
  89  7:45  Probe  
  89  7:48  Extended Thermal Lance  
  90  7:52  Pylon  
  90  7:53  Pylon  
  90  7:59  Colossus  
  90  8:02  Nexus  
  90  8:12  Probe x2  
  92  8:18  Protoss Ground Weapons Level 1  
  98  8:24  Probe  
  98  8:25  Probe  
  100  8:38  Charge  
  100  8:39  Gateway  
  102  8:42  Gateway  
  102  8:45  Phoenix  
  102  8:47  Colossus  
  101  8:51  Gateway  
  101  8:52  Gateway  
  106  9:03  Pylon  
  96  9:14  Gateway  
  96  9:16  Gateway  
  96  9:18  Templar Archives  
  96  9:19  Zealot  
  96  9:22  Zealot  
  100  9:27  Zealot x2  
  104  9:39  Zealot  
  104  9:40  Zealot x2  
  111  9:50  Colossus  
  116  9:54  High Templar  
  116  9:55  High Templar  
  116  9:57  Zealot  
  122  10:01  Archon  
  122  10:05  Pylon  
  121  10:14  Pylon  
  115  10:25  Zealot x2  
  115  10:26  Zealot x2  
  107  10:31  Zealot x2  
  107  10:35  Zealot  
  91  10:40  Zealot  

Tags
 
Add a new tag
Caveats
  • Supply blocks, unpowered buildings, or Contaminate may cause inaccurate times.
  • Supply counts are checked every 10 seconds.